Map: Catalyseur EC

Players

llllllllllll - Winner!

  • Race: Zerg Zerg
  • League: Grandmaster
  • Spawn Location: 11:00

IlPrincipino

  • Race: Terran Terran
  • League: Master
  • Spawn Location: 5:00

VOD

Have the link to the VOD?

Description

Time

  • Played on: May 3, 2018, 12:31 p.m.
  • Length: 11:15
Show
View Real Time Build Order
Export as new Build Order

llllllllllll Zerg - Winner!

Build Orders: Hatch First 

Get SALT Encoding   

  12  0:00  Drone  
  13  0:12  Overlord  
  13  0:19  Drone  
  14  0:31  Drone x2  
  14  0:35  Drone  
  17  0:52  Hatchery  
  17  0:55  Drone  
  17  0:59  Drone  
  18  1:07  Drone  
  18  1:09  Extractor  
  18  1:17  Spawning Pool  
  17  1:20  Drone  
  18  1:29  Drone  
  19  1:39  Drone  
  20  1:51  Drone  
  21  2:00  Drone  
  22  2:04  Queen x2  
  22  2:06  Roach Warren  
  22  2:07  Zergling x2  
  26  2:11  Zergling x2  
  27  2:16  Overlord  
  25  2:49  Roach x3  
  25  2:50  Roach  
  33  3:03  Drone  
  33  3:04  Overlord  
  33  3:05  Hatchery  
  33  3:11  Queen  
  35  3:17  Drone  
  35  3:18  Overlord  
  36  3:25  Ravager x2  
  38  3:29  Drone  
  38  3:30  Drone x2  
  41  3:45  Ravager  
  41  3:46  Drone x2  
  41  3:47  Drone x3  
  47  3:53  Drone x3  
  50  4:01  Overlord  
  50  4:08  Ravager  
  51  4:11  Drone  
  51  4:13  Extractor  
  51  4:14  Extractor  
  47  4:37  Drone x3  
  47  4:38  Drone x3  
  52  4:40  Metabolic Boost  
  53  4:59  Drone x3  
  56  5:02  Drone x5  
  56  5:04  Drone x3  
  64  5:21  Drone  
  64  5:22  Drone  
  66  5:28  Baneling Nest  
  66  5:29  Evolution Chamber, Lair  
  66  5:30  Overlord x3, Evolution Chamber  
  66  5:31  Overlord  
  63  5:35  Spore Crawler  
  63  5:39  Spore Crawler  
  63  5:41  Spore Crawler  
  63  5:42  Spore Crawler  
  59  5:45  Spore Crawler  
  58  5:51  Roach x4  
  58  5:52  Roach x6  
  78  5:59  Drone x2  
  78  6:00  Drone  
  78  6:01  Drone x3  
  84  6:06  Drone  
  84  6:09  Zerg Melee Weapons Level 1, Zerg Missile Weapons Level 1  
  84  6:10  Roach  
  86  6:30  Glial Reconstitution  
  86  6:35  Zergling x2  
  86  6:36  Zergling x6  
  86  6:37  Overlord x2  
  86  6:38  Overlord x3, Hatchery  
  89  6:49  Drone  
  90  6:58  Queen  
  90  7:00  Centrifical Hooks  
  92  7:03  Baneling  
  92  7:04  Baneling x7  
  92  7:15  Drone  
  93  7:16  Zergling x14  
  93  7:17  Zergling x16  
  108  7:26  Overlord  
  108  7:29  Overlord  
  108  7:30  Overlord x2  
  108  7:33  Zergling x2  
  108  7:34  Zergling x2  
  108  7:36  Baneling  
  108  7:37  Baneling x9  
  110  7:38  Baneling  
  110  7:40  Zergling x6  
  110  7:41  Zergling x2  
  110  7:42  Zergling x2  
  115  7:57  Zergling x2  
  115  7:58  Zergling x14  
  123  8:00  Baneling x7  
  123  8:07  Zergling x2  
  123  8:08  Zergling x14  
  121  8:29  Zergling x2  
  121  8:30  Zerg Missile Weapons Level 2  
  121  8:33  Zergling x2  
  121  8:34  Zergling x32  
  138  8:46  Zerg Melee Weapons Level 2  
  130  9:01  Zergling x8  
  130  9:02  Zergling x22  
  116  9:14  Roach x3  
  116  9:15  Roach x3  
  111  9:33  Roach  
  111  9:34  Roach x9  
  104  10:01  Zergling x26  
  104  10:02  Zergling x20  
  127  10:07  Baneling  
  127  10:13  Zergling x6  
  128  10:29  Baneling  
  128  10:30  Baneling x5  
  128  10:31  Baneling x6  
  128  10:32  Baneling x3  
  128  10:39  Zergling x26  
  128  10:40  Zergling x4  
  124  10:53  Roach  
  124  10:54  Roach x9  
Show
View Real Time Build Order
Export as new Build Order

IlPrincipino Terran 

Build Orders: Reaper Expand, Mech 

Get SALT Encoding   

  12  0:01  SCV  
  13  0:13  SCV  
  14  0:18  Supply Depot  
  14  0:25  SCV  
  15  0:39  SCV  
  15  0:41  Barracks  
  16  0:48  Refinery  
  16  0:51  SCV  
  17  1:03  SCV  
  18  1:16  SCV  
  19  1:30  Orbital Command, Reaper  
  20  1:40  Command Center  
  20  1:49  Supply Depot  
  20  1:57  SCV  
  21  2:01  Marine  
  22  2:09  SCV  
  22  2:11  Factory  
  22  2:14  Refinery  
  23  2:21  SCV  
  24  2:24  Barracks Reactor  
  24  2:39  SCV  
  25  2:51  SCV  
  26  3:00  Orbital Command, Starport  
  26  3:07  SCV  
  26  3:10  Hellion x2  
  31  3:14  Barracks Tech Lab  
  31  3:19  SCV  
  32  3:23  Supply Depot  
  32  3:25  Bunker  
  32  3:31  Cyclone  
  35  3:36  Supply Depot  
  35  3:40  SCV  
  36  3:41  Cyclone  
  36  3:42  Marauder  
  40  3:49  SCV  
  40  3:52  SCV  
  42  4:02  Orbital Command  
  38  4:33  Command Center  
  38  4:38  SCV x2  
  40  4:39  Armory  
  40  4:40  Armory  
  40  4:44  Refinery x2  
  40  4:46  Hellion x2  
  40  4:50  SCV x2  
  46  5:02  SCV  
  46  5:05  SCV  
  48  5:10  Hellion x2  
  48  5:12  Starport Tech Lab  
  52  5:14  SCV  
  53  5:26  SCV  
  53  5:27  Terran Vehicle Weapons Level 1  
  53  5:28  Terran Vehicle And Ship Armor Level 1  
  54  5:38  Factory  
  54  5:39  Factory  
  54  5:43  Starport Reactor  
  54  5:44  SCV x2  
  54  5:45  Hellion x2  
  54  5:46  Orbital Command  
  60  5:57  SCV x2  
  62  6:02  Supply Depot  
  62  6:03  Supply Depot  
  62  6:08  Supply Depot  
  62  6:09  Hellion, Engineering Bay, SCV x2  
  66  6:15  SCV  
  67  6:21  SCV x2  
  67  6:23  Thor  
  67  6:35  Thor  
  67  6:39  SCV  
  74  6:45  Medivac x2  
  78  6:47  SCV  
  78  6:51  Hellion x2  
  83  7:02  SCV, Supply Depot  
  83  7:03  Factory  
  83  7:04  SCV  
  83  7:06  Factory  
  85  7:09  Siege Tank  
  85  7:14  SCV  
  89  7:18  Siege Tank  
  92  7:24  Hellion x2  
  92  7:26  Missile Turret  
  92  7:27  Supply Depot  
  96  7:30  Viking  
  96  7:33  Terran Vehicle Weapons Level 2  
  96  7:35  Orbital Command  
  96  7:36  SCV  
  100  7:37  SCV  
  100  7:49  Hellion x2, Siege Tank  
  107  8:00  SCV x2  
  107  8:01  Refinery  
  107  8:03  Missile Turret, Supply Depot  
  109  8:13  Factory Reactor, Factory Tech Lab  
  109  8:14  Terran Vehicle And Ship Armor Level 2  
  109  8:19  Supply Depot  
  109  8:20  Refinery  
  109  8:25  SCV x3  
  109  8:26  Supply Depot  
  112  8:33  Supply Depot  
  112  8:36  Hellion, Siege Tank  
  125  8:41  Hellion x2, SCV, Siege Tank  
  125  8:44  Supply Depot  
  125  8:48  SCV x2  
  127  8:53  SCV  
  127  8:54  Hellion x2  
  132  8:58  Hellion  
  132  9:00  SCV  
  93  9:02  Siege Tank  
  93  9:06  Hellion  
  93  9:08  Siege Tank  
  89  9:13  Siege Tank  
  89  9:15  Hellion x2  
  81  9:19  Hellion  
  71  9:27  Hellion  
  71  9:35  Siege Tank  
  71  9:36  Hellion  
  71  9:37  Hellion  
  77  9:40  Siege Tank  
  77  9:44  Hellion  
  79  9:45  Siege Tank  
  79  9:49  Hellion  
  79  9:51  Orbital Command  
  75  9:54  SCV  
  75  9:58  Hellion  
  78  10:00  SCV  
  78  10:06  SCV  
  80  10:08  Hellion x2, Siege Tank  
  87  10:16  SCV  
  87  10:17  SCV  
  87  10:19  SCV  
  88  10:28  SCV  
  88  10:32  Siege Tank  
  88  10:34  SCV  
  93  10:45  Hellion, SCV  
  93  10:46  Hellion  
Tags
 
Add a new tag
Caveats
  • Supply blocks, unpowered buildings, or Contaminate may cause inaccurate times.
  • Supply counts are checked every 10 seconds.